[Event "Titled Tuesday Blitz July 05 Early 2022"]
[White "Navarrete Mendez, Gonzalo Alberto"]
[Black "Grandelius, Nils"]
[WhiteFideId "5106850"]
[BlackFideId "1710400"]
[WhiteElo "2261"]
[BlackElo "2617"]
[Result "1/2-1/2"]
[Round "07"]
[TimeControl "180+1"]
[Date "2022.07.05"]
[WhiteClock "0:00:05"]
[BlackClock "0:00:06"]

1. e4 c5 2. Nf3 d6 3. Nc3 Nc6 4. d4 cxd4 5. Nxd4 Nf6 6. Bc4 Qb6 7. Nxc6 bxc6 8. O-O g6 9. Be3 Qc7 10. h3 Bg7 11. Qd2 O-O 12. Bh6 Rb8 13. Bb3 c5 14. Bxg7 Kxg7 15. Nd5 Nxd5 16. Bxd5 Ba6 17. Rfe1 Kg8 18. b3 c4 19. Qd4 Rfc8 20. e5 e6 21. Bxc4 dxe5 22. Rxe5 Bxc4 23. bxc4 Rb4 24. Rae1 Rxc4 25. Qe3 Rxc2 26. a4 Ra2 27. Qh6 Qb6 28. Qh4 Rcc2 29. Rf1 Qc6 30. Re4 Kg7 31. Rb4 Qd6 32. Rf4 e5 33. Rf3 Rd2 34. Qg5 Rxa4 35. h4 h6 36. Qg3 Rdd4 37. h5 Rg4 38. Qh2 Rh4 39. Rh3 Rxh3 40. Qxh3 g5 41. Qe3 Rd4 42. Re1 a5 43. g3 Rd5 44. Qe4 Rd4 45. Qxe5+ Qxe5 46. Rxe5 a4 47. Ra5 g4 48. Kg2 Rb4 49. Kf1 Kf8 50. Ke2 Ke7 51. Ra6 f6 52. Ke3 Kf7 53. Ke2 Ke7 54. Ke3 Rb3+ 55. Ke4 a3 56. Ra7+ Ke6 57. Ra6+ Ke7 58. Ra7+ Ke6 59. Ra6+ Kd7 60. Ra7+ Kd6 61. Kd4 Rf3 62. Ra6+ Ke7 63. Ke4 Kf7 64. Ra7+ Ke6 65. Ra6+ Kd7 66. Ra7+ Kc6 67. Kd4 Kb6 68. Ra4 Kb5 69. Ra8 Kb4 70. Rb8+ Ka4 71. Kc4 Ka5 72. Ra8+ Kb6 73. Kd4 Kc6 74. Ra6+ Kb5 75. Ra8 f5 76. Rb8+ Kc6 77. Ra8 Kd6 78. Ra6+ Ke7 79. Rxh6 Rxf2 80. Ra6 Rf3 81. Ke5 Kf7 82. Ra7+ Kg8 83. Kf6 Rb3 84. h6 Rb6+ 85. Kxf5 a2 86. Rxa2 Kh7 87. Kxg4 Kxh6 88. Ra4 Kg6 89. Rf4 Rb5 90. Kf3 Ra5 91. Rg4+ Kf7 92. Rf4+ Kg6 93. Rg4+ Kf6 94. Rf4+ Kg6 1/2-1/2


[Site "https://www.chess.com"]

[Event "Titled Tuesday Blitz July 05 Early 2022"]
[White "Niemann, Hans Moke"]
[Black "Maximov, Dmitry"]
[WhiteFideId "2093596"]
[BlackFideId "14105659"]
[WhiteElo "2632"]
[BlackElo "2494"]
[Result "1-0"]
[Round "07"]
[TimeControl "180+1"]
[Date "2022.07.05"]
[WhiteClock "0:00:07"]
[BlackClock "0:00:03"]

1. d4 Nf6 2. Nc3 d5 3. Bf4 c6 4. e3 Bf5 5. f3 h6 6. g4 Bh7 7. Bd3 Bxd3 8. Qxd3 g6 9. h4 h5 10. g5 Nfd7 11. e4 Nb6 12. a4 Bg7 13. Nge2 O-O 14. e5 Na6 15. b3 e6 16. Be3 c5 17. f4 Rc8 18. Nb5 Nb4 19. Qd2 Nxc2+ 20. Qxc2 cxd4 21. Qd3 dxe3 22. Nxa7 Ra8 23. Nb5 Qd7 24. Qxe3 Ra6 25. O-O Rc8 26. Rfc1 Bf8 27. Kh2 Rc6 28. Ned4 Rc8 29. Rxc8 Nxc8 30. Rc1 Ne7 31. Rc7 Qd8 32. Qc3 Qb8 33. Nd6 Rc6 34. Nxc6 Qxc7 35. Nxe7+ Qxe7 36. Qc8 b6 37. Kg2 d4 38. Kf3 Qa7 39. Ne4 Qa5 40. Qc4 Qe1 41. Qxd4 Qh1+ 42. Kg3 Qe1+ 43. Kf3 Qh1+ 44. Ke2 Qg2+ 45. Kd3 Qf1+ 46. Kc3 Qa1+ 47. Kc4 Qf1+ 48. Qd3 Qxf4 49. Kb5 Qxe5+ 50. Ka6 Qc7 51. Nf6+ Kh8 52. Qe4 Qc8+ 53. Qb7 Qc3 54. Qxf7 Qd3+ 55. Ka7 1-0


[Site "https://www.chess.com"]

[Event "Titled Tuesday Blitz July 05 Early 2022"]
[White "Oparin, Grigoriy"]
[Black "Xu, Yi"]
[WhiteFideId "24125890"]
[BlackFideId "8605564"]
[WhiteElo "2639"]
[BlackElo "2471"]
[Result "1-0"]
[Round "07"]
[TimeControl "180+1"]
[Date "2022.07.05"]
[WhiteClock "0:00:08"]
[BlackClock "0:00:04"]

1. Nf3 d5 2. c4 e6 3. d4 Nf6 4. g3 Bb4+ 5. Bd2 Be7 6. Bg2 O-O 7. O-O c6 8. Bc3 b6 9. Nbd2 Nbd7 10. b4 Bb7 11. Qb3 Rc8 12. a4 dxc4 13. Nxc4 c5 14. dxc5 bxc5 15. b5 Bd5 16. Nfd2 Nb6 17. Rfd1 Bxg2 18. Kxg2 Qd5+ 19. f3 Qh5 20. a5 Nbd5 21. e4 Nxc3 22. Qxc3 Rfd8 23. b6 axb6 24. axb6 g5 25. h3 Qg6 26. Ne5 Qg7 27. b7 Rc7 28. Qb3 Rb8 29. Ra8 Qf8 30. Rxb8 Qxb8 31. Rb1 Bd6 32. Nec4 Bxg3 33. e5 Nh5 34. Qb6 Rd7 35. Qc6 Rd8 36. Ne4 Bxe5 37. Qb6 Bc7 38. Qxc5 Nf4+ 39. Kh1 Nd5 40. Na5 Bxa5 41. Qxa5 Re8 42. Qd2 h6 43. Nc5 Qc7 44. Na6 Qg3 45. Qg2 Qe5 46. b8=Q Rxb8 47. Nxb8 Nf4 48. Nc6 Qf5 49. Qf1 Qc2 50. Nd4 Qd2 51. Rd1 Qe3 52. Qg1 Qe5 53. Qf1 Nh5 54. Qf2 Ng3+ 55. Kg2 Nh5 56. Ne2 Qf5 57. Rd4 Kg7 58. Re4 Qd5 59. Qd4+ Qxd4 60. Rxd4 Nf6 61. Ra4 Kg6 62. Ng3 Nd5 63. Ra8 Kf6 64. Ne2 Kg7 65. Kg3 Kf6 66. h4 Kg6 67. hxg5 hxg5 68. f4 Kf5 69. fxg5 Kxg5 70. Kf3 Kf5 71. Ng3+ Ke5 72. Ra7 f5 73. Nh5 Kd4 74. Rd7 Ke5 75. Rd8 Nc3 76. Nf4 Nb5 77. Ke3 Nc7 78. Rd7 Nb5 79. Re7 Nd4 80. Ng6+ Kf6 81. Kxd4 Kxg6 82. Rxe6+ 1-0


[Site "https://www.chess.com"]

[Event "Titled Tuesday Blitz July 05 Early 2022"]
[White "Pakleza, Zbigniew"]
[Black "Chernobay, Artem"]
[WhiteFideId "1119290"]
[BlackFideId "4167406"]
[WhiteElo "2467"]
[BlackElo "2473"]
[Result "0-1"]
[Round "07"]
[TimeControl "180+1"]
[Date "2022.07.05"]
[WhiteClock "0:00:04"]
[BlackClock "0:00:05"]

1. d4 f5 2. Nf3 Nf6 3. c4 g6 4. Nc3 Bg7 5. e3 O-O 6. Be2 d6 7. b4 e5 8. O-O e4 9. Nd2 c6 10. a4 Be6 11. Ba3 Nbd7 12. Nb3 Re8 13. d5 cxd5 14. cxd5 Bf7 15. Rc1 a6 16. Na5 Rb8 17. Qb3 Nb6 18. Rfd1 Qd7 19. b5 Rec8 20. bxa6 bxa6 21. Bxa6 Nbxd5 22. Nxd5 Rxb3 23. Rxc8+ Qxc8 24. Ne7+ Kf8 25. Nxc8 Rxa3 26. Bb5 Be8 27. Nc4 Ra2 28. N8xd6 Ke7 29. Nxe8 Nxe8 30. Nb6 Nd6 31. g4 fxg4 32. Nd5+ Ke6 33. Nf4+ Ke7 34. Nd5+ Ke6 35. Nf4+ Ke7 36. Rc1 Be5 37. Rc7+ Kf6 38. Rxh7 Bxf4 39. exf4 Kf5 40. Bd7+ Kxf4 41. Rg7 Kf3 42. Bb5 Ra1+ 43. Bf1 Nf5 44. Rxg6 e3 45. fxe3 Nxe3 46. Rf6+ Ke4 47. h3 g3 48. h4 g2 49. Re6+ Kf4 50. Rf6+ Ke5 51. Kh2 gxf1=Q 52. Rxf1 Rxf1 53. h5 Rf5 54. h6 Rh5+ 55. Kg3 Rxh6 56. Kf3 Nf5 0-1


[Site "https://www.chess.com"]

[Event "Titled Tuesday Blitz July 05 Early 2022"]
[White "Preotu, Razvan"]
[Black "Sjugirov, Sanan"]
[WhiteFideId "2613280"]
[BlackFideId "4189302"]
[WhiteElo "2407"]
[BlackElo "2609"]
[Result "0-1"]
[Round "07"]
[TimeControl "180+1"]
[Date "2022.07.05"]
[WhiteClock "0:00:01"]
[BlackClock "0:00:36"]

1. e4 c6 2. Nc3 d5 3. Nf3 Bg4 4. h3 Bxf3 5. Qxf3 e6 6. Be2 Bc5 7. O-O Ne7 8. Na4 Bd6 9. d4 Nd7 10. Nc3 O-O 11. Bd3 a6 12. e5 Bc7 13. Ne2 c5 14. c3 Qe8 15. Nf4 Ng6 16. Nxg6 fxg6 17. Qg4 cxd4 18. cxd4 Nb8 19. Be3 Nc6 20. a3 Rc8 21. g3 Qf7 22. Kg2 Bb6 23. Rad1 Ne7 24. Bb1 Nf5 25. h4 Rc4 26. Bd3 Rc7 27. Bb1 Ba7 28. Bxf5 gxf5 29. Qf3 Rfc8 30. Rd3 Rc2 31. Rb3 b5 32. Ra1 Qd7 33. h5 R8c4 34. Rd3 Rxb2 35. h6 g6 36. Qf4 Bb6 37. Qh4 Rcc2 38. Rf1 a5 39. Bg5 a4 40. Be7 Qe8 41. Bb4 Bd8 42. Qf4 g5 43. Qf3 Qg6 44. Rc3 g4 45. Qd3 f4 46. Qxg6+ hxg6 47. gxf4 Rxc3 48. Bxc3 Rb3 49. Bb4 Kh7 50. Rc1 Rb2 51. Rc6 Bh4 52. Rxe6 Rxf2+ 53. Kg1 Rxf4 54. Bc5 Re4 55. Rd6 Re1+ 56. Kg2 Re2+ 57. Kg1 Bg5 58. Rxd5 Be3+ 59. Kf1 Rf2+ 60. Ke1 g3 61. Rd7+ Kxh6 62. Bf8+ Kh5 63. Rh7+ Kg4 64. Rg7 g5 65. Be7 Ra2 0-1


[Site "https://www.chess.com"]

[Event "Titled Tuesday Blitz July 05 Early 2022"]
[White "Rosen, Eric"]
[Black "Martins, Bruno Andre Leite"]
[WhiteFideId "2032562"]
[BlackFideId "1942255"]
[WhiteElo "2362"]
[BlackElo "2282"]
[Result "1-0"]
[Round "07"]
[TimeControl "180+1"]
[Date "2022.07.05"]
[WhiteClock "0:00:17"]
[BlackClock "0:00:01"]

1. d4 Nf6 2. Bf4 d5 3. e3 e6 4. Nf3 c5 5. Nbd2 Nc6 6. c3 cxd4 7. exd4 Nh5 8. Be3 Bd6 9. Ne5 g6 10. g4 Ng7 11. h4 Nxe5 12. dxe5 Bxe5 13. Nf3 Bf6 14. h5 gxh5 15. g5 Be7 16. Bd4 Rg8 17. Bd3 Nf5 18. Bxf5 exf5 19. Rxh5 Be6 20. Qb3 Qc7 21. Be5 Bd6 22. Qa4+ Qd7 23. Qf4 O-O-O 24. O-O-O Bxe5 25. Nxe5 Qc7 26. Rxh7 Rde8 27. g6 Rgf8 28. gxf7 Re7 29. Rd4 Bxf7 30. Qxf5+ Be6 1-0


[Site "https://www.chess.com"]

[Event "Titled Tuesday Blitz July 05 Early 2022"]
[White "Sadykov, Ramil"]
[Black "Cabarkapa, Novak"]
[WhiteFideId "24113590"]
[BlackFideId "943746"]
[WhiteElo "2226"]
[BlackElo "2390"]
[Result "0-1"]
[Round "07"]
[TimeControl "180+1"]
[Date "2022.07.05"]
[WhiteClock "0:00:01"]
[BlackClock "0:02:03"]

1. e4 e6 2. d3 d5 3. Nd2 Nc6 4. Ngf3 Nf6 5. g3 dxe4 6. dxe4 e5 7. Bg2 Bc5 8. O-O a5 9. Qe2 Qe7 10. c3 O-O 11. a4 b6 12. Nc4 Ba6 13. b3 Ne8 14. Kh1 Nd6 15. Nfd2 Nd8 16. f4 Nxc4 17. bxc4 exf4 18. gxf4 Bb7 19. Nb3 Re8 20. e5 Bxg2+ 21. Qxg2 Rc8 22. Bd2 Qe6 23. Nxc5 bxc5 24. Qd5 Qf5 25. Rae1 Ne6 26. Qe4 g6 27. Qxf5 gxf5 28. Be3 Kf8 29. Rb1 Rb8 30. Rb5 Rxb5 31. cxb5 Rd8 32. Rb1 Rd3 33. Bf2 Rxc3 34. Be1 Rc4 35. Bxa5 Rxa4 36. Bd2 Rd4 37. Be3 Re4 38. Rb3 c4 39. Rc3 Ke8 40. Kg2 Nxf4+ 41. Bxf4 Rxf4 42. Rh3 Ke7 43. Rxh7 c3 44. Rh3 Rc4 0-1


[Site "https://www.chess.com"]

[Event "Titled Tuesday Blitz July 05 Early 2022"]
[White "Shimanov, Aleksandr"]
[Black "Korchmar, Vasiliy"]
[WhiteFideId "4198603"]
[BlackFideId "24131750"]
[WhiteElo "2605"]
[BlackElo "2370"]
[Result "1-0"]
[Round "07"]
[TimeControl "180+1"]
[Date "2022.07.05"]
[WhiteClock "0:01:46"]
[BlackClock "0:00:59"]

1. e4 c5 2. Nf3 d6 3. d4 cxd4 4. Qxd4 Nc6 5. Bb5 a6 6. Bxc6+ bxc6 7. O-O e5 8. Qa4 Bd7 9. c4 c5 10. Qc2 h6 11. Nc3 Nf6 12. Nd2 Be7 13. Rd1 O-O 14. Nf1 a5 15. Ne3 a4 16. f3 Qa5 17. Bd2 Qa6 18. Be1 Rfb8 19. Bh4 g5 20. Be1 Be6 21. Ncd5 Nxd5 22. Nxd5 Bf8 23. h4 g4 24. fxg4 Bxg4 25. Nf6+ 1-0


[Site "https://www.chess.com"]

[Event "Titled Tuesday Blitz July 05 Early 2022"]
[White "So, Wesley"]
[Black "Hansen, Eric"]
[WhiteFideId "5202213"]
[BlackFideId "2606771"]
[WhiteElo "2763"]
[BlackElo "2568"]
[Result "1/2-1/2"]
[Round "07"]
[TimeControl "180+1"]
[Date "2022.07.05"]
[WhiteClock "0:00:39"]
[BlackClock "0:00:20"]

1. e4 c5 2. Nf3 e6 3. g3 Nc6 4. Bg2 e5 5. O-O Nf6 6. c3 d6 7. d4 cxd4 8. cxd4 Bg4 9. Be3 Be7 10. Nc3 O-O 11. h3 Bxf3 12. Bxf3 exd4 13. Bxd4 Nxd4 14. Qxd4 Qa5 15. Rfd1 Rac8 16. Rac1 a6 17. Qd2 Rfe8 18. Kg2 Bf8 19. Rc2 Rc5 20. a3 Rce5 21. b4 Qd8 22. Qd3 g6 23. Re2 h5 24. h4 Qc8 25. Kg1 b5 26. Bg2 Qb8 27. f4 R5e6 28. Bf3 Bg7 29. Kg2 Rc8 30. Rc2 Rc4 31. Nd5 Nxd5 32. exd5 Re3 33. Qxe3 Rxc2+ 34. Rd2 Qc8 35. Rxc2 Qxc2+ 36. Kh3 Qf5+ 37. Kg2 Qc2+ 38. Kh3 Qf5+ 39. Kh2 Qc2+ 40. Kh3 1/2-1/2


[Site "https://www.chess.com"]

[Event "Titled Tuesday Blitz July 05 Early 2022"]
[White "Svane, Frederik"]
[Black "Malek, Jan"]
[WhiteFideId "12923044"]
[BlackFideId "21864080"]
[WhiteElo "2459"]
[BlackElo "2145"]
[Result "0-1"]
[Round "07"]
[TimeControl "180+1"]
[Date "2022.07.05"]
[WhiteClock "0:00:41"]
[BlackClock "0:01:07"]

1. c4 e5 2. d3 Nf6 3. Nf3 Nc6 4. Nc3 d5 5. cxd5 Nxd5 6. e4 Nb6 7. Be2 Bc5 8. Be3 Bd4 9. O-O O-O 10. a4 a5 11. Qd2 f6 12. Nb5 Be6 13. Nfxd4 Nxd4 14. Nxd4 exd4 15. Bf4 c5 16. Qc2 Qe7 17. b3 Nd7 18. Bd2 Ne5 19. f4 Nc6 20. Rac1 b6 21. f5 Bf7 22. Rf3 Ne5 23. Rh3 Rfe8 24. Qd1 Kf8 25. Rxh7 Bg8 26. Rh8 Qf7 27. Bh5 Qe7 28. Bxe8 Qxe8 29. Bf4 Nf7 30. Rh4 Qd7 31. Qg4 Re8 32. Rh8 Nxh8 33. h4 Nf7 34. h5 Nh6 35. Qg3 Bxb3 36. Rb1 Bf7 37. Rxb6 c4 38. Rd6 Qxa4 39. dxc4 Qd1+ 40. Kh2 Qxh5+ 41. Qh3 Qxh3+ 42. Kxh3 Rxe4 43. Bd2 Nxf5 44. g4 Nxd6 0-1


[Site "https://www.chess.com"]

[Event "Titled Tuesday Blitz July 05 Early 2022"]
[White "Svane, Rasmus"]
[Black "Tristan, Leonardo"]
[WhiteFideId "4657101"]
[BlackFideId "113816"]
[WhiteElo "2674"]
[BlackElo "2404"]
[Result "0-1"]
[Round "07"]
[TimeControl "180+1"]
[Date "2022.07.05"]
[WhiteClock "0:00:03"]
[BlackClock "0:00:03"]

1. Nf3 d5 2. g3 Nf6 3. Bg2 Bf5 4. O-O e6 5. c4 c6 6. Qb3 Qb6 7. d3 dxc4 8. Qxc4 Nbd7 9. b3 Be7 10. Bb2 O-O 11. Nbd2 h6 12. Qc2 a5 13. Nc4 Qc7 14. a3 Bh7 15. Rfe1 Rfe8 16. e4 Red8 17. Rad1 Qb8 18. h3 Qa7 19. Bc3 a4 20. b4 Ne8 21. Qb2 Bf6 22. Bxf6 Nexf6 23. Nfd2 Nb6 24. d4 Nxc4 25. Nxc4 Qa6 26. Qc3 Rac8 27. Ne5 Ne8 28. Bf1 Qa7 29. Qf3 Nd6 30. d5 cxd5 31. exd5 Re8 32. dxe6 Rxe6 33. Ng4 Be4 34. Qf4 Qb8 35. Bg2 Bxg2 36. Rxe6 fxe6 37. Rxd6 Bxh3 38. Ne3 Rf8 39. Qe5 Qc7 40. g4 Qc1+ 41. Rd1 Qxa3 42. Qg3 Bxg4 43. Qxg4 Qb3 44. Nc4 a3 45. Qxe6+ Kh8 46. Qe7 Rg8 47. Ne5 Qxd1+ 48. Kg2 Qc2 49. Qf7 Qe4+ 50. f3 Qxe5 0-1


[Site "https://www.chess.com"]

[Event "Titled Tuesday Blitz July 05 Early 2022"]
[White "Taboas Rodriguez, Daniel"]
[Black "Guz, Ari"]
[WhiteFideId "2208466"]
[BlackFideId "2825759"]
[WhiteElo "2429"]
[BlackElo "1913"]
[Result "0-1"]
[Round "07"]
[TimeControl "180+1"]
[Date "2022.07.05"]
[WhiteClock "0:01:10"]
[BlackClock "0:00:36"]

1. d4 d5 2. Nf3 Bg4 3. Ne5 Bf5 4. c4 c6 5. Qb3 Qc8 6. cxd5 cxd5 7. Nc3 e6 8. Bf4 Ne7 9. e3 Nec6 10. Bb5 Be7 11. O-O O-O 12. Rfc1 a6 13. Bxc6 bxc6 14. Na4 Ra7 15. Qb6 Rb7 16. Nxc6 Nxc6 17. Qxc6 Qxc6 18. Rxc6 g5 19. Bg3 h5 20. Rac1 h4 21. Bd6 Bxd6 22. Rxd6 Rb4 23. b3 Bd3 24. Rc5 Rfb8 25. h3 Rxa4 26. bxa4 Rb1+ 27. Kh2 Rb2 28. Rc3 Be4 29. f3 Bxf3 30. Kg1 Rxg2+ 31. Kf1 Rxa2 32. a5 Rxa5 33. Kf2 Be4 34. Rcc6 Ra2+ 35. Kg1 a5 36. Rc7 Rg2+ 37. Kf1 Rg3 38. Rdd7 Bg6 39. Ra7 Rxe3 40. Kg2 Ra3 41. Ra8+ Kg7 42. Rda7 Be4+ 43. Kh2 Ra2+ 44. Kg1 Rg2+ 45. Kf1 Rg3 46. Rxa5 Rxh3 47. Ra3 Rh1+ 48. Kf2 g4 49. Ke3 g3 50. Ra1 g2 51. Kf2 h3 52. Rg1 h2 53. Rxg2+ Bxg2 54. Kxg2 Rd1 55. Kxh2 Rxd4 0-1


[Site "https://www.chess.com"]

[Event "Titled Tuesday Blitz July 05 Early 2022"]
[White "Tanenbaum, Zachary"]
[Black "Hakobyan, Aram"]
[WhiteFideId "2060850"]
[BlackFideId "13306677"]
[WhiteElo "2175"]
[BlackElo "2557"]
[Result "1-0"]
[Round "07"]
[TimeControl "180+1"]
[Date "2022.07.05"]
[WhiteClock "0:00:06"]
[BlackClock "0:00:17"]

1. e4 e6 2. d4 d5 3. Nc3 Bb4 4. exd5 exd5 5. Bd3 Nf6 6. Nf3 O-O 7. O-O Bg4 8. Bg5 c6 9. h3 Bh5 10. Bf5 Na6 11. Qd3 Bd6 12. Bxh7+ Kh8 13. g4 Nb4 14. Qf5 Bg6 15. Bxg6 fxg6 16. Qxg6 Qe8 17. Qxe8 Raxe8 18. Rac1 Nh7 19. Kg2 Rxf3 20. Kxf3 Nxg5+ 21. Kg2 Ne6 22. Ne2 Nxa2 23. Ra1 Nb4 24. c3 Nd3 25. Rxa7 Ng5 26. h4 Ne4 27. Ng3 Nf4+ 28. Kh1 Nf6 29. Nf5 Bf8 30. Ne3 Ne4 31. Rxb7 g6 32. g5 Nd3 33. Ng4 Bd6 34. Nf6 Nxf6 35. gxf6 Rf8 36. f7 Kg7 37. Kg2 Rxf7 38. Rxf7+ Kxf7 39. Ra1 Ke7 40. Ra7+ Ke6 41. Rg7 Kf6 42. Rb7 Ke6 43. Rg7 Kf5 44. Rb7 Bf4 45. Rb6 Bc1 46. b3 g5 47. hxg5 Bxg5 48. Rxc6 Bd2 49. b4 Ke4 50. b5 Bf4 51. b6 Ne1+ 52. Kf1 Nf3 53. b7 Nd2+ 54. Ke2 Nb1 55. Rb6 Nxc3+ 56. Kf1 Kxd4 57. Rb4+ 1-0


[Site "https://www.chess.com"]

[Event "Titled Tuesday Blitz July 05 Early 2022"]
[White "Tari, Aryan"]
[Black "Bortnyk, Olexandr"]
[WhiteFideId "1510045"]
[BlackFideId "14120828"]
[WhiteElo "2612"]
[BlackElo "2723"]
[Result "1-0"]
[Round "07"]
[TimeControl "180+1"]
[Date "2022.07.05"]
[WhiteClock "0:00:14"]
[BlackClock "0:00:06"]

1. e4 d6 2. d4 Nf6 3. Nc3 Nbd7 4. Nf3 e5 5. Rg1 h6 6. a3 c6 7. g4 Be7 8. Be3 a5 9. h4 exd4 10. Qxd4 Nc5 11. g5 hxg5 12. hxg5 Ne6 13. Qd2 Nd7 14. g6 fxg6 15. Bc4 Ne5 16. Nxe5 dxe5 17. Qxd8+ Bxd8 18. O-O-O Bf6 19. Na4 Nf4 20. Nb6 Rb8 21. Bxf4 exf4 22. e5 Bd8 23. Nxc8 Rxc8 24. Rxg6 Rc7 25. Rdg1 Rh2 26. f3 b5 27. Bd3 Re7 28. Rxg7 Bb6 29. Rg8+ Kd7 30. Bf5+ Kc7 31. R1g7 Be3+ 32. Kb1 Bc5 33. Rxe7+ Bxe7 34. Rc8+ Kb6 35. Re8 Bc5 36. Be4 b4 37. axb4 axb4 38. Re6 Bd4 39. Rxc6+ Kb5 40. Rc8 b3 41. Rb8+ Kc5 42. Rxb3 Bxe5 43. c3 Re2 44. Rb4 Re1+ 45. Kc2 Re2+ 46. Kb3 Re3 47. Ra4 Kb5 48. Rb4+ Kc5 49. Rc4+ Kb5 50. Bc6+ Kb6 51. Bd5 Bd6 52. Rc6+ Kb5 53. Rxd6 Kc5 54. Rd8 Rd3 55. Rc8+ Kb6 56. Be4 Rd7 57. Rf8 Kc5 58. Rxf4 Kb5 59. Rf5+ Kb6 60. Rf6+ Ka5 61. Kc2 Rc7 62. Rf5+ Kb6 63. Rd5 Re7 64. Rd2 Kb5 65. Kd3 Ka4 66. Ke3 Kb3 67. f4 Kc4 68. f5 Rf7 69. Kf4 Rf8 70. Ke5 Kb3 71. f6 Re8+ 72. Kf5 Rd8 73. Rxd8 1-0


[Site "https://www.chess.com"]

[Event "Titled Tuesday Blitz July 05 Early 2022"]
[White "Tica, Sven"]
[Black "Paichadze, Luka"]
[WhiteFideId "14526948"]
[BlackFideId "13602934"]
[WhiteElo "2346"]
[BlackElo "2537"]
[Result "0-1"]
[Round "07"]
[TimeControl "180+1"]
[Date "2022.07.05"]
[WhiteClock "0:00:05"]
[BlackClock "0:00:03"]

1. e4 c6 2. Nf3 d5 3. d3 Bg4 4. h3 Bxf3 5. Qxf3 e6 6. Nc3 Nd7 7. g3 g6 8. Bg2 Bg7 9. Bd2 Qb6 10. Rb1 Ngf6 11. O-O O-O 12. Rfe1 dxe4 13. Nxe4 Nxe4 14. Qxe4 Rad8 15. Qa4 Rfe8 16. Qa3 Bf8 17. Qa5 Nc5 18. Qxb6 axb6 19. b3 b5 20. a4 b4 21. h4 Na6 22. h5 Bg7 23. Bg5 Rd7 24. Bf3 Bc3 25. Re2 f6 26. Be3 Kf7 27. hxg6+ hxg6 28. Kg2 Rh8 29. Rh1 Rxh1 30. Kxh1 Nc7 31. Kg2 Nd5 32. Bc5 e5 33. a5 Rd8 34. Re4 Ra8 35. Rh4 Kg7 36. Bxd5 cxd5 37. Bxb4 g5 38. Rg4 f5 39. Rxg5+ Kf6 40. Bxc3 Kxg5 41. Bxe5 Rxa5 42. Kf3 Ra2 43. c3 Rd2 44. Ke3 Rb2 45. b4 Kg4 46. f3+ Kh3 47. Kd4 Kg2 48. g4 f4 49. Bxf4 Kxf3 50. Be5 Rg2 51. Kxd5 Ke3 52. c4 Kxd3 53. c5 Rxg4 54. b5 Rg8 55. c6 Rd8+ 56. Bd6 bxc6+ 57. Kxc6 Kc4 58. b6 Rc8+ 59. Kb7 Rg8 60. Kc7 Kb5 61. b7 Rg7+ 62. Kc8 Kc6 63. b8=N+ Kxd6 64. Na6 Kc6 65. Nb8+ Kd6 66. Na6 Rf7 67. Kb8 Kc6 68. Nb4+ Kc5 69. Na6+ Kb6 0-1


[Site "https://www.chess.com"]

[Event "Titled Tuesday Blitz July 05 Early 2022"]
[White "Vasquez Schroeder, Rodrigo"]
[Black "Papp, Levente"]
[WhiteFideId "3400042"]
[BlackFideId "751243"]
[WhiteElo "2567"]
[BlackElo "2308"]
[Result "1/2-1/2"]
[Round "07"]
[TimeControl "180+1"]
[Date "2022.07.05"]
[WhiteClock "0:01:56"]
[BlackClock "0:00:22"]

1. e4 e6 2. d4 d5 3. e5 c5 4. c3 Nc6 5. Nf3 Qb6 6. a3 Nh6 7. b4 cxd4 8. cxd4 Nf5 9. Bb2 Bd7 10. Be2 a5 11. b5 a4 12. bxc6 bxc6 13. Bc3 g5 14. g4 Ne7 15. Bd2 h5 16. Rg1 hxg4 17. Rxg4 Nf5 18. Nc3 c5 19. Rb1 Qa7 20. Nb5 Bxb5 21. Bxb5+ Kd8 22. Bxg5+ Be7 23. Bxe7+ Kxe7 24. Bd3 Nh6 25. Rh4 Rab8 26. Qd2 Rxb1+ 27. Bxb1 Qb8 28. Bc2 Qb2 29. dxc5 Qxa3 30. Rxa4 Qxf3 31. Qg5+ Kd7 32. Ra7+ Kc6 33. Qe7 Qc3+ 34. Kd1 Qd4+ 35. Kc1 Qf4+ 36. Kd1 Qf3+ 37. Ke1 Qc3+ 38. Kf1 Qc4+ 39. Ke1 Qc3+ 1/2-1/2


[Site "https://www.chess.com"]

[Event "Titled Tuesday Blitz July 05 Early 2022"]
[White "Zhalmakhanov, Ramazan"]
[Black "Timofeev, Artyom"]
[WhiteFideId "13706357"]
[BlackFideId "4140419"]
[WhiteElo "2397"]
[BlackElo "2578"]
[Result "0-1"]
[Round "07"]
[TimeControl "180+1"]
[Date "2022.07.05"]
[WhiteClock "0:00:02"]
[BlackClock "0:00:43"]

1. e4 c6 2. d4 d5 3. f3 g6 4. Nc3 Bg7 5. Be3 Qb6 6. a3 dxe4 7. fxe4 e5 8. Nf3 exd4 9. Nxd4 Qc7 10. Bc4 Nf6 11. O-O O-O 12. h3 Nbd7 13. Nf3 Nb6 14. Bb3 Be6 15. Bxe6 fxe6 16. Qe2 Qe7 17. Rad1 Nfd7 18. Bd4 Bxd4+ 19. Nxd4 Ne5 20. b3 Nbd7 21. Qe3 a6 22. a4 c5 23. Nde2 Nc6 24. Rxf8+ Rxf8 25. Qd2 Nde5 26. Qe3 Nb4 27. Rd2 Nbc6 28. Nd1 b5 29. axb5 axb5 30. Nf2 c4 31. Nf4 Qf6 0-1


[Site "https://www.chess.com"]

[Event "Titled Tuesday Blitz July 05 Early 2022"]
[White "Zhigalko, Sergei"]
[Black "Lazavik, Denis"]
[WhiteFideId "13502956"]
[BlackFideId "13515110"]
[WhiteElo "2662"]
[BlackElo "2437"]
[Result "1/2-1/2"]
[Round "07"]
[TimeControl "180+1"]
[Date "2022.07.05"]
[WhiteClock "0:00:02"]
[BlackClock "0:00:15"]

1. e4 e5 2. Nf3 Nc6 3. Bb5 Nf6 4. O-O Nxe4 5. d4 Nd6 6. Bxc6 dxc6 7. dxe5 Nf5 8. Qxd8+ Kxd8 9. Nc3 Ke8 10. h3 h5 11. Bg5 Be7 12. Rad1 Be6 13. b3 h4 14. Bxe7 Kxe7 15. Ne2 Bd5 16. Nfd4 Nxd4 17. Nxd4 g5 18. c4 Be6 19. f4 gxf4 20. Rxf4 Rad8 21. Rdf1 Rh7 22. R1f2 c5 23. Nf3 Rdh8 24. Kh2 Rh5 25. Re2 a6 26. Kg1 Kd7 27. Kf2 b5 28. cxb5 axb5 29. Rc2 c4 30. Nd4 Rxe5 31. Nxe6 Kxe6 32. bxc4 b4 33. c5 Rf5 34. Rxf5 Kxf5 35. Rc4 Ra8 36. Rxb4 Rxa2+ 37. Kg1 Rc2 38. Rxh4 Kg5 39. Rg4+ Kf6 40. Rf4+ Kg6 41. Rg4+ Kf6 42. Rf4+ Kg6 43. Rg4+ Kf6 1/2-1/2


[Site "https://www.chess.com"]

[Event "Titled Tuesday Blitz July 05 Early 2022"]
[White "Zhou, Liran"]
[Black "Kamsky, Gata"]
[WhiteFideId "30931967"]
[BlackFideId "2000024"]
[WhiteElo "2774"]
[BlackElo "2645"]
[Result "1-0"]
[Round "07"]
[TimeControl "180+1"]
[Date "2022.07.05"]
[WhiteClock "0:00:10"]
[BlackClock "0:00:12"]

1. e4 e5 2. Nf3 Nc6 3. Bb5 a6 4. Ba4 Nf6 5. d3 d6 6. O-O Bd7 7. c3 g6 8. Re1 Bg7 9. d4 O-O 10. d5 Nb8 11. Bxd7 Nbxd7 12. c4 Kh8 13. Nc3 Ng8 14. b4 a5 15. Rb1 axb4 16. Rxb4 b6 17. a4 Bh6 18. Bxh6 Nxh6 19. Qd2 Kg7 20. Ra1 Nc5 21. Rb5 f5 22. Ng5 Nf7 23. Ne6+ Nxe6 24. dxe6 Ng5 25. Qd5 Qe7 26. exf5 gxf5 27. f4 exf4 28. Re1 Rae8 29. Qc6 Nxe6 30. Nd5 Qf7 31. Rbb1 Kh8 32. Rf1 f3 33. gxf3 Rg8+ 34. Kh1 Rg7 35. Rg1 Reg8 36. Ne3 Nd4 37. Qb7 f4 38. Ng4 h5 39. Qe4 hxg4 40. Qxd4 Kh7 41. Rxg4 Rxg4 42. fxg4 Rxg4 43. Qe4+ Qg6 44. Qe7+ Kh6 45. Re1 f3 46. Qe3+ Qg5 47. Qxf3 Rxc4 48. Qh3+ Kg7 49. Rg1 Rc1 50. Qd7+ Kh6 51. Qe6+ Kg7 52. Qe7+ 1-0


[Site "https://www.chess.com"]

[Event "Titled Tuesday Blitz July 05 Early 2022"]
[White "Cabarkapa, Novak"]
[Black "Svane, Rasmus"]
[WhiteFideId "943746"]
[BlackFideId "4657101"]
[WhiteElo "2390"]
[BlackElo "2674"]
[Result "0-1"]
[Round "08"]
[TimeControl "180+1"]
[Date "2022.07.05"]
[WhiteClock "0:02:00"]
[BlackClock "0:02:10"]

1. d4 Nf6 2. Nc3 d5 3. Bf4 c5 4. e3 cxd4 5. exd4 a6 6. Nf3 Nc6 7. Ne5 Bd7 8. g4 e6 9. Nxc6 Bxc6 10. Qf3 Bb4 11. O-O-O Rc8 12. Kb1 Bxc3 13. bxc3 Ne4 14. Ka1 Bb5 15. Bd3 Nxc3 16. Bxb5+ axb5 17. Rb1 Qa5 18. Rb2 Ra8 0-1


[Site "https://www.chess.com"]